3261 views
Uploaded 2020-03-31 08:01:15
Game version 1.32.3
228:06 long 1on1 ladder game on (4)TurtleRock
Saved by chuddy
3261 views
Uploaded 2020-03-31 08:01:15
Game version 1.32.3
228:06 long 1on1 ladder game on (4)TurtleRock

206 units @ 33.5k
/ 6k
210 buildings @ 26.3k
/ 16.9k


x1)
| Healing Salve | 13 | 1300 |
| Scroll of Speed | 3 | 150 |
| Lesser Clarity Potion | 7 | 490 |
| Tiny Great Hall | 1 | 600 |
| Potion of Healing | 1 | 150 |
| Orb of Lightning | 1 | 375 |
| Potion of Mana | 8 | 1600 |
| Dust of Appearance | 4 | 300 |
| Scroll of Town Portal | 2 | 700 |
| Scroll of Healing | 11 | 2750 |
| Potion of Lesser Invulnerability | 3 | 450 |
| Tome of Retraining | 1 | 300 |
| Scroll of Protection | 2 | 300 |
| total: | 57 | 9465g |
| Peon | 59 | 4425 | / | 0 |
| Grunt | 3 | 600 | / | 0 |
| Raider | 5 | 900 | / | 200 |
| Shaman | 6 | 780 | / | 120 |
| Troll Headhunter | 4 | 560 | / | 80 |
| Wind Rider | 38 | 10070 | / | 1520 |
| Kodo Beast | 1 | 255 | / | 60 |
| Tauren | 6 | 1680 | / | 480 |
| Demolisher | 13 | 2860 | / | 650 |
| Troll Batrider | 71 | 11360 | / | 2840 |
| total: | 206 | 33490g | / | 5950w |
| Watch Tower | 177 | 19470 | / | 14160 |
| Altar of Storms | 1 | 180 | / | 50 |
| Orc Burrow | 13 | 2080 | / | 520 |
| Voodoo Lounge | 4 | 520 | / | 120 |
| Barracks | 1 | 180 | / | 50 |
| War Mill | 2 | 410 | / | 0 |
| Great Hall | 7 | 2695 | / | 1295 |
| Beastiary | 3 | 435 | / | 420 |
| Spirit Lodge | 1 | 150 | / | 150 |
| Tauren Totem | 1 | 135 | / | 155 |
| Stronghold | 1 | 315 | / | 190 |
| Fortress | 1 | 325 | / | 190 |
| total: | 210 | 26255g | / | 16920w |
| 0:01 | Peon |
| 0:05 | Altar of Storms |
| 0:12 | Peon |
| 0:15 | Orc Burrow |
| 0:29 | Peon |
| 0:37 | Peon |
| 0:55 | Peon |
| 1:02 | Voodoo Lounge |
| 1:17 | Peon |
| 1:30 | Peon |
| 1:45 | Peon |
| 2:04 | Healing Salve |
| 2:04 | Scroll of Speed |
| 2:07 | Stronghold |
| 2:09 | Feral Spirit |
| 2:29 | Barracks |
| 3:10 | Orc Burrow |
| 3:11 | War Mill |
| 4:01 | Grunt |
| 4:40 | Grunt |
| 4:42 | Beastiary |
| 5:01 | Spirit Lodge |
| 5:09 | Berserker Strength |
| 5:29 | Chain Lighting |
| 5:39 | Lesser Clarity Potion |
| 5:45 | Healing Salve |
| 5:45 | Scroll of Speed |
| 5:51 | Ensnare |
| 5:54 | Orc Burrow |
| 6:00 | War Stomp |
| 6:15 | Shaman Adept Training |
| 6:18 | Orc Burrow |
| 6:47 | Raider |
| 6:49 | Shaman |
| 6:50 | Troll Headhunter |
| 8:05 | Wind Rider |
| 8:07 | Shaman |
| 8:07 | Raider |
| 8:48 | Troll Headhunter |
| 8:51 | Shaman |
| 8:52 | Fortress |
| 8:55 | Tauren Totem |
| 9:31 | Raider |
| 9:33 | Kodo Beast |
| 9:34 | Troll Headhunter |
| 9:36 | Grunt |
| 9:54 | Reinforced Defenses |
| 9:54 | Steel Armor |
| 10:39 | Endurance Aura |
| 11:50 | Chain Lighting |
| 11:55 | Healing Salve |
| 12:03 | Great Hall |
| 12:20 | Orc Burrow |
| 12:26 | Watch Tower |
| 12:59 | Orc Burrow |
| 13:35 | Healing Salve |
| 13:54 | Peon |
| 13:57 | Peon |
| 13:57 | Peon |
| 14:21 | Peon |
| 14:58 | Orc Burrow |
| 15:02 | War Stomp |
| 15:49 | Healing Salve |
| 15:53 | Peon |
| 16:31 | Peon |
| 16:31 | Peon |
| 16:34 | Orc Burrow |
| 16:53 | Dust of Appearance |
| 18:24 | Peon |
| 19:17 | Peon |
| 19:49 | Orc Burrow |
| 20:46 | Orc Burrow |
| 21:27 | Peon |
| 22:00 | Peon |
| 22:16 | Peon |
| 22:25 | Orc Burrow |
| 23:16 | Peon |
| 24:11 | Peon |
| 24:11 | Peon |
| 24:34 | Peon |
| 25:04 | Peon |
| 25:04 | Peon |
| 25:52 | Pulverize |
| 25:54 | Peon |
| 25:54 | Peon |
| 25:56 | Watch Tower |
| 25:57 | Watch Tower |
| 26:12 | Wind Rider |
| 27:08 | Watch Tower |
| 27:26 | Peon |
| 27:26 | Peon |
| 27:44 | Lesser Clarity Potion |
| 27:48 | Scroll of Town Portal |
| 27:51 | Peon |
| 27:51 | Peon |
| 27:51 | Peon |
| 28:25 | Feral Spirit |
| 28:33 | Endurance Aura |
| 28:59 | Orc Burrow |
| 29:45 | Healing Salve |
| 29:45 | Healing Salve |
| 29:54 | Tauren |
| 29:58 | War Drums Damage Increase |
| 30:37 | Tiny Great Hall |
| 31:07 | Peon |
| 31:07 | Peon |
| 31:08 | Peon |
| 31:21 | Scroll of Healing |
| 31:25 | Scroll of Healing |
| 31:25 | Potion of Lesser Invulnerability |
| 31:31 | Peon |
| 31:31 | Peon |
| 31:47 | Great Hall |
| 32:26 | Watch Tower |
| 32:27 | Watch Tower |
| 33:07 | Watch Tower |
| 33:10 | Watch Tower |
| 33:12 | Watch Tower |
| 33:17 | Watch Tower |
| 33:22 | Watch Tower |
| 34:47 | Watch Tower |
| 34:51 | Watch Tower |
| 35:23 | Peon |
| 35:31 | Watch Tower |
| 35:32 | Watch Tower |
| 35:37 | Peon |
| 35:40 | Peon |
| 35:40 | Peon |
| 35:55 | Watch Tower |
| 35:57 | Watch Tower |
| 36:19 | Tome of Retraining |
| 36:19 | Retrain Hero |
| 36:21 | Shockwave |
| 36:22 | Endurance Aura |
| 36:23 | Endurance Aura |
| 36:34 | Peon |
| 36:34 | Peon |
| 36:37 | Peon |
| 37:04 | Watch Tower |
| 37:06 | Watch Tower |
| 38:12 | Great Hall |
| 38:57 | Demolisher |
| 38:58 | Burning Oil |
| 38:58 | Demolisher |
| 39:35 | Shockwave |
| 40:03 | Troll Headhunter |
| 40:03 | Demolisher |
| 40:04 | Demolisher |
| 40:14 | Healing Salve |
| 40:15 | Lesser Clarity Potion |
| 40:17 | Potion of Healing |
| 40:27 | Watch Tower |
| 41:09 | Wind Rider |
| 41:09 | Wind Rider |
| 41:33 | Watch Tower |
| 41:52 | Watch Tower |
| 42:03 | Chain Lighting |
| 42:09 | Watch Tower |
| 42:17 | Wind Rider |
| 42:19 | Tauren |
| 42:23 | Demolisher |
| 42:34 | Watch Tower |
| 43:18 | Wind Rider |
| 43:22 | Orc Burrow |
| 44:11 | Wind Rider |
| 44:12 | Envenomed Spears |
| 44:14 | Tauren |
| 44:40 | Voodoo Lounge |
| 44:55 | Thorium Armor |
| 44:59 | Raider |
| 45:07 | Scroll of Healing |
| 45:10 | Scroll of Healing |
| 45:10 | Scroll of Town Portal |
| 45:20 | Potion of Lesser Invulnerability |
| 45:21 | Scroll of Protection |
| 45:35 | Pillage |
| 45:42 | Wind Rider |
| 46:02 | Endurance Aura |
| 46:32 | Watch Tower |
| 47:31 | Demolisher |
| 47:31 | Demolisher |
| 47:38 | Great Hall |
| 48:18 | Wind Rider |
| 49:40 | Scroll of Healing |
| 49:44 | Scroll of Healing |
| 49:47 | Potion of Lesser Invulnerability |
| 50:24 | Earth Quake |
| 50:26 | Peon |
| 50:26 | Peon |
| 50:26 | Peon |
| 50:30 | Wind Rider |
| 50:31 | Tauren |
| 50:34 | Demolisher |
| 50:45 | Healing Salve |
| 50:50 | Lesser Clarity Potion |
| 50:52 | Lesser Clarity Potion |
| 50:55 | Orb of Lightning |
| 51:12 | Watch Tower |
| 51:13 | Watch Tower |
| 52:02 | Peon |
| 52:02 | Peon |
| 52:02 | Peon |
| 52:03 | Peon |
| 52:52 | Healing Salve |
| 52:52 | Healing Salve |
| 52:53 | Scroll of Speed |
| 53:07 | Watch Tower |
| 53:32 | Great Hall |
| 53:39 | Great Hall |
| 53:43 | Great Hall |
| 53:48 | Wind Rider |
| 53:49 | Tauren |
| 54:16 | Shaman Master Training |
| 55:02 | Shaman |
| 55:02 | Shaman |
| 55:04 | Tauren |
| 55:19 | Watch Tower |
| 55:21 | Watch Tower |
| 56:53 | Troll Batrider |
| 56:53 | Troll Batrider |
| 56:54 | Troll Batrider |
| 58:06 | Liquid Fire |
| 58:10 | Peon |
| 58:11 | Peon |
| 58:11 | Peon |
| 58:14 | Peon |
| 58:14 | Peon |
| 58:21 | Demolisher |
| 58:43 | Watch Tower |
| 58:44 | Watch Tower |
| 58:45 | Watch Tower |
| 58:50 | Potion of Mana |
| 58:52 | Potion of Mana |
| 59:00 | Watch Tower |
| 59:12 | Watch Tower |
| 59:54 | Reincarnation |
| 60:00 | Watch Tower |
| 60:03 | Watch Tower |
| 60:07 | Voodoo Lounge |
| 60:23 | Scroll of Healing |
| 60:23 | Scroll of Healing |
| 60:41 | Demolisher |
| 61:45 | Potion of Mana |
| 61:48 | Healing Salve |
| 61:52 | Potion of Mana |
| 64:34 | Raider |
| 64:47 | Scroll of Healing |
| 64:49 | Scroll of Healing |
| 64:51 | Scroll of Protection |
| 66:01 | Demolisher |
| 66:01 | Demolisher |
| 66:10 | Voodoo Lounge |
| 66:39 | Potion of Mana |
| 66:42 | Potion of Mana |
| 67:36 | Potion of Mana |
| 67:41 | Potion of Mana |
| 68:29 | Lesser Clarity Potion |
| 70:07 | Troll Batrider |
| 70:08 | Troll Batrider |
| 70:08 | Troll Batrider |
| 70:08 | Troll Batrider |
| 73:16 | Troll Batrider |
| 73:16 | Troll Batrider |
| 74:53 | Dust of Appearance |
| 75:27 | Troll Batrider |
| 75:27 | Troll Batrider |
| 75:27 | Troll Batrider |
| 75:27 | Troll Batrider |
| 75:28 | Troll Batrider |
| 75:28 | Troll Batrider |
| 75:28 | Troll Batrider |
| 76:28 | Beastiary |
| 77:39 | Troll Batrider |
| 77:39 | Troll Batrider |
| 77:39 | Troll Batrider |
| 77:39 | Troll Batrider |
| 77:43 | Beastiary |
| 78:51 | Demolisher |
| 81:14 | Wind Rider |
| 81:14 | Wind Rider |
| 81:14 | Wind Rider |
| 81:14 | Wind Rider |
| 84:42 | Steel Ranged Weapons |
| 84:42 | Arcanite Armor |
| 87:25 | Thorium Ranged Weapons |
| 89:32 | Arcanite Ranged Weapons |
| 91:36 | Healing Salve |
| 97:10 | Wind Rider |
| 98:29 | Wind Rider |
| 98:29 | Wind Rider |
| 98:30 | Wind Rider |
| 98:30 | Wind Rider |
| 98:30 | Wind Rider |
| 98:30 | Wind Rider |
| 98:31 | Wind Rider |
| 98:43 | Wind Rider |
| 98:43 | Wind Rider |
| 98:44 | Wind Rider |
| 98:44 | Wind Rider |
| 98:44 | Wind Rider |
| 98:44 | Wind Rider |
| 98:45 | Wind Rider |
| 101:58 | Wind Rider |
| 103:42 | Far Sight |
| 104:02 | Wind Rider |
| 104:02 | Wind Rider |
| 104:06 | Wind Rider |
| 104:07 | Wind Rider |
| 107:43 | Wind Rider |
| 107:43 | Wind Rider |
| 107:43 | Wind Rider |
| 107:47 | Troll Batrider |
| 107:48 | Troll Batrider |
| 107:48 | Troll Batrider |
| 107:48 | Troll Batrider |
| 107:48 | Troll Batrider |
| 107:49 | Troll Batrider |
| 107:49 | Troll Batrider |
| 108:00 | Troll Batrider |
| 108:00 | Troll Batrider |
| 108:01 | Troll Batrider |
| 108:01 | Troll Batrider |
| 108:01 | Troll Batrider |
| 108:01 | Troll Batrider |
| 108:01 | Troll Batrider |
| 111:57 | Troll Batrider |
| 111:57 | Troll Batrider |
| 111:57 | Troll Batrider |
| 111:58 | Troll Batrider |
| 111:58 | Troll Batrider |
| 111:58 | Troll Batrider |
| 111:58 | Troll Batrider |
| 112:01 | Troll Batrider |
| 112:01 | Troll Batrider |
| 112:01 | Troll Batrider |
| 112:01 | Troll Batrider |
| 112:01 | Troll Batrider |
| 112:02 | Troll Batrider |
| 112:02 | Troll Batrider |
| 114:30 | Troll Batrider |
| 114:31 | Troll Batrider |
| 114:31 | Troll Batrider |
| 114:31 | Troll Batrider |
| 114:31 | Troll Batrider |
| 114:34 | Troll Batrider |
| 114:34 | Troll Batrider |
| 114:35 | Troll Batrider |
| 114:35 | Troll Batrider |
| 114:35 | Troll Batrider |
| 117:16 | Troll Batrider |
| 117:44 | Troll Batrider |
| 117:45 | Troll Batrider |
| 118:32 | Troll Batrider |
| 118:32 | Troll Batrider |
| 119:26 | Shaman |
| 123:15 | Troll Batrider |
| 123:15 | Troll Batrider |
| 123:20 | Troll Batrider |
| 123:21 | Troll Batrider |
| 129:21 | War Stomp |
| 129:26 | Troll Batrider |
| 129:26 | Troll Batrider |
| 129:30 | Troll Batrider |
| 129:31 | Troll Batrider |
| 130:52 | Scroll of Healing |
| 139:48 | Watch Tower |
| 139:49 | Watch Tower |
| 139:50 | Watch Tower |
| 139:51 | Watch Tower |
| 139:52 | Watch Tower |
| 139:53 | Watch Tower |
| 139:55 | Watch Tower |
| 139:56 | Watch Tower |
| 139:57 | Watch Tower |
| 139:58 | Watch Tower |
| 139:59 | Watch Tower |
| 140:01 | Watch Tower |
| 140:02 | Watch Tower |
| 140:06 | Watch Tower |
| 140:08 | Watch Tower |
| 140:10 | Watch Tower |
| 140:11 | Watch Tower |
| 140:12 | Watch Tower |
| 140:13 | Watch Tower |
| 140:13 | Watch Tower |
| 140:14 | Watch Tower |
| 140:15 | Watch Tower |
| 140:15 | Watch Tower |
| 140:15 | Watch Tower |
| 140:16 | Watch Tower |
| 140:16 | Watch Tower |
| 140:17 | Watch Tower |
| 140:18 | Watch Tower |
| 140:18 | Watch Tower |
| 140:19 | Watch Tower |
| 140:19 | Watch Tower |
| 140:20 | Watch Tower |
| 140:20 | Watch Tower |
| 140:21 | Watch Tower |
| 140:21 | Watch Tower |
| 140:22 | Watch Tower |
| 140:23 | Watch Tower |
| 140:24 | Watch Tower |
| 140:24 | Watch Tower |
| 140:25 | Watch Tower |
| 140:56 | Watch Tower |
| 140:56 | Watch Tower |
| 140:57 | Watch Tower |
| 140:58 | Watch Tower |
| 140:59 | Watch Tower |
| 140:59 | Watch Tower |
| 141:00 | Watch Tower |
| 141:00 | Watch Tower |
| 141:02 | Watch Tower |
| 141:03 | Watch Tower |
| 141:04 | Watch Tower |
| 141:05 | Watch Tower |
| 141:07 | Watch Tower |
| 141:08 | Watch Tower |
| 141:08 | Watch Tower |
| 141:09 | Watch Tower |
| 141:09 | Watch Tower |
| 141:10 | Watch Tower |
| 141:10 | Watch Tower |
| 141:11 | Watch Tower |
| 141:12 | Watch Tower |
| 141:13 | Watch Tower |
| 141:14 | Watch Tower |
| 141:14 | Watch Tower |
| 141:15 | Watch Tower |
| 141:16 | Watch Tower |
| 141:17 | Watch Tower |
| 141:18 | Watch Tower |
| 141:18 | Watch Tower |
| 141:20 | Watch Tower |
| 141:21 | Watch Tower |
| 141:21 | Watch Tower |
| 141:25 | Watch Tower |
| 141:26 | Watch Tower |
| 141:27 | Watch Tower |
| 141:28 | Watch Tower |
| 141:29 | Watch Tower |
| 141:30 | Watch Tower |
| 141:31 | Watch Tower |
| 141:32 | Watch Tower |
| 141:33 | Watch Tower |
| 141:34 | Watch Tower |
| 141:34 | Watch Tower |
| 141:35 | Watch Tower |
| 141:35 | Watch Tower |
| 141:36 | Watch Tower |
| 141:36 | Watch Tower |
| 141:37 | Watch Tower |
| 141:38 | Watch Tower |
| 141:39 | Watch Tower |
| 141:40 | Watch Tower |
| 141:40 | Watch Tower |
| 141:44 | Peon |
| 141:53 | Peon |
| 150:29 | Dust of Appearance |
| 151:41 | Dust of Appearance |
| 157:31 | Lesser Clarity Potion |
| 158:50 | War Mill |
| 160:13 | Watch Tower |
| 160:15 | Watch Tower |
| 160:16 | Watch Tower |
| 160:18 | Watch Tower |
| 160:20 | Watch Tower |
| 160:22 | Watch Tower |
| 160:24 | Watch Tower |
| 160:26 | Watch Tower |
| 160:29 | Watch Tower |
| 160:31 | Watch Tower |
| 160:31 | Watch Tower |
| 160:33 | Watch Tower |
| 160:36 | Watch Tower |
| 160:37 | Watch Tower |
| 160:41 | Watch Tower |
| 160:43 | Watch Tower |
| 160:56 | Watch Tower |
| 160:57 | Watch Tower |
| 160:59 | Watch Tower |
| 161:00 | Watch Tower |
| 161:01 | Watch Tower |
| 161:02 | Watch Tower |
| 161:02 | Watch Tower |
| 161:04 | Watch Tower |
| 161:06 | Watch Tower |
| 161:07 | Watch Tower |
| 161:08 | Watch Tower |
| 161:09 | Watch Tower |
| 161:10 | Watch Tower |
| 161:12 | Watch Tower |
| 161:15 | Watch Tower |
| 161:16 | Watch Tower |
| 161:18 | Watch Tower |
| 161:20 | Watch Tower |
| 161:21 | Watch Tower |
| 161:22 | Watch Tower |
| 161:24 | Watch Tower |
| 161:26 | Watch Tower |
| 161:27 | Watch Tower |
| 161:28 | Watch Tower |
| 161:28 | Watch Tower |
| 161:30 | Watch Tower |
| 161:31 | Watch Tower |
| 161:32 | Watch Tower |
| 161:32 | Watch Tower |
| 161:33 | Watch Tower |
| 161:33 | Watch Tower |
| 161:34 | Watch Tower |
| Right click | 8747 |
| Select group | 2551 |
| Select | 1821 |
| Chat | 745 |
| Misc. action | 509 |
| Build/train/purchase | 417 |
| Use ability | 296 |
| Assign group | 130 |
| Item give/drop | 51 |
| Esc | 30 |
89 units @ 6.7k
/ 0k
241 buildings @ 12k
/ 6.6k

| Scroll of Regeneration | 14 | 1400 |
| Lesser Clarity Potion | 12 | 840 |
| Mechanical Critter | 4 | 200 |
| Potion of Healing | 18 | 2700 |
| Potion of Mana | 13 | 2600 |
| Ivory Tower | 3 | 120 |
| Staff of Sanctuary | 1 | 250 |
| Scroll of Healing | 2 | 500 |
| Scroll of Town Portal | 13 | 4550 |
| Staff of Teleportation | 1 | 150 |
| Boots of Speed | 1 | 250 |
| Potion of Invisibility | 10 | 1000 |
| Potion of Lesser Invulnerability | 2 | 300 |
| Circlet of Nobility | 2 | 350 |
| total: | 96 | 15210g |
| Peasant | 89 | 6675 | / | 0 |
| total: | 89 | 6675g | / | 0w |
| Scout Tower | 217 | 6510 | / | 4340 |
| Arcane Tower | 2 | 140 | / | 100 |
| Guard Tower | 120 | 8400 | / | 6000 |
| Altar of Kings | 1 | 180 | / | 50 |
| Farm | 4 | 320 | / | 80 |
| Arcane Vault | 2 | 260 | / | 60 |
| Lumber Mill | 7 | 840 | / | 0 |
| Town Hall | 10 | 3850 | / | 2050 |
| Keep | 3 | 960 | / | 630 |
| Castle | 1 | 360 | / | 210 |
| total: | 241 | 11960g | / | 6580w |
| 0:02 | Altar of Kings |
| 0:02 | Farm |
| 0:03 | Peasant |
| 0:12 | Peasant |
| 0:35 | Peasant |
| 0:49 | Arcane Vault |
| 0:57 | Peasant |
| 1:07 | Peasant |
| 1:21 | Peasant |
| 1:25 | Scroll of Regeneration |
| 1:25 | Lesser Clarity Potion |
| 1:25 | Mechanical Critter |
| 1:25 | Mechanical Critter |
| 1:35 | Farm |
| 1:41 | Peasant |
| 1:44 | Scout Tower |
| 1:53 | Peasant |
| 1:54 | Flame Strike |
| 2:06 | Peasant |
| 2:07 | Peasant |
| 2:23 | Peasant |
| 2:24 | Arcane Tower |
| 3:20 | Peasant |
| 3:20 | Peasant |
| 3:41 | Peasant |
| 3:41 | Peasant |
| 3:50 | Lumber Mill |
| 3:56 | Staff of Teleportation |
| 4:36 | Siphon Mana |
| 4:44 | Peasant |
| 4:44 | Peasant |
| 4:44 | Peasant |
| 4:56 | Peasant |
| 5:01 | Scout Tower |
| 5:27 | Boots of Speed |
| 5:28 | Guard Tower |
| 5:29 | Peasant |
| 5:46 | Flame Strike |
| 6:22 | Scout Tower |
| 6:22 | Scout Tower |
| 6:24 | Keep |
| 6:49 | Guard Tower |
| 6:49 | Guard Tower |
| 8:09 | Siphon Mana |
| 8:18 | Town Hall |
| 8:35 | Scout Tower |
| 8:36 | Scout Tower |
| 8:48 | Scout Tower |
| 8:49 | Scout Tower |
| 8:52 | Scout Tower |
| 9:22 | Guard Tower |
| 9:25 | Potion of Healing |
| 9:27 | Scroll of Regeneration |
| 9:28 | Lesser Clarity Potion |
| 9:32 | Peasant |
| 9:32 | Peasant |
| 9:44 | Farm |
| 9:47 | Farm |
| 10:03 | Scout Tower |
| 10:06 | Lumber Mill |
| 10:08 | Scout Tower |
| 10:32 | Guard Tower |
| 10:33 | Scout Tower |
| 10:34 | Scout Tower |
| 10:35 | Scout Tower |
| 10:36 | Scout Tower |
| 10:53 | Scroll of Healing |
| 10:54 | Potion of Invisibility |
| 10:56 | Scroll of Town Portal |
| 10:57 | Flame Strike |
| 11:02 | Guard Tower |
| 11:09 | Guard Tower |
| 11:48 | Scroll of Regeneration |
| 11:49 | Potion of Healing |
| 11:51 | Lesser Clarity Potion |
| 11:59 | Peasant |
| 11:59 | Peasant |
| 11:59 | Peasant |
| 12:04 | Peasant |
| 12:04 | Peasant |
| 12:04 | Peasant |
| 12:04 | Peasant |
| 12:15 | Potion of Invisibility |
| 12:31 | Peasant |
| 12:36 | Scout Tower |
| 12:36 | Scout Tower |
| 12:59 | Scout Tower |
| 13:04 | Scout Tower |
| 13:29 | Scroll of Town Portal |
| 14:11 | Scroll of Town Portal |
| 14:16 | Guard Tower |
| 14:20 | Arcane Vault |
| 14:25 | Potion of Invisibility |
| 15:52 | Scroll of Regeneration |
| 15:52 | Potion of Healing |
| 15:54 | Lesser Clarity Potion |
| 15:55 | Potion of Mana |
| 15:57 | Potion of Healing |
| 16:17 | Scroll of Town Portal |
| 16:29 | Castle |
| 16:42 | Potion of Invisibility |
| 17:26 | Scroll of Regeneration |
| 17:26 | Scroll of Regeneration |
| 17:29 | Potion of Healing |
| 17:30 | Lesser Clarity Potion |
| 17:30 | Potion of Mana |
| 17:32 | Scroll of Town Portal |
| 18:00 | Potion of Lesser Invulnerability |
| 18:05 | Scout Tower |
| 18:47 | Summon Phoenix |
| 18:50 | Potion of Healing |
| 18:51 | Lesser Clarity Potion |
| 18:54 | Guard Tower |
| 19:05 | Potion of Mana |
| 19:35 | Scroll of Town Portal |
| 20:13 | Scout Tower |
| 20:14 | Scout Tower |
| 20:15 | Scout Tower |
| 20:16 | Scout Tower |
| 20:16 | Scout Tower |
| 20:17 | Scout Tower |
| 20:20 | Potion of Invisibility |
| 20:45 | Guard Tower |
| 20:48 | Town Hall |
| 20:49 | Guard Tower |
| 20:49 | Guard Tower |
| 20:58 | Scout Tower |
| 20:59 | Scout Tower |
| 21:01 | Scout Tower |
| 21:02 | Scout Tower |
| 21:03 | Scout Tower |
| 21:03 | Scout Tower |
| 21:04 | Scout Tower |
| 21:05 | Scout Tower |
| 21:05 | Scout Tower |
| 21:06 | Scout Tower |
| 21:17 | Scout Tower |
| 21:18 | Scout Tower |
| 21:19 | Scout Tower |
| 21:19 | Scout Tower |
| 21:29 | Potion of Invisibility |
| 21:33 | Guard Tower |
| 21:42 | Peasant |
| 21:42 | Peasant |
| 21:43 | Peasant |
| 21:43 | Peasant |
| 21:43 | Peasant |
| 21:47 | Peasant |
| 21:47 | Peasant |
| 21:47 | Peasant |
| 21:47 | Peasant |
| 22:10 | Guard Tower |
| 22:14 | Scout Tower |
| 22:15 | Scout Tower |
| 23:00 | Guard Tower |
| 23:17 | Potion of Healing |
| 23:17 | Potion of Mana |
| 23:20 | Scroll of Town Portal |
| 23:23 | Scout Tower |
| 23:26 | Guard Tower |
| 23:29 | Improved Masonry |
| 23:30 | Improved Lumber Harvesting |
| 24:39 | Peasant |
| 24:39 | Peasant |
| 24:55 | Scout Tower |
| 24:55 | Scout Tower |
| 24:56 | Scout Tower |
| 25:18 | Potion of Invisibility |
| 25:20 | Potion of Lesser Invulnerability |
| 25:26 | Scout Tower |
| 25:27 | Scout Tower |
| 25:27 | Scout Tower |
| 25:51 | Scout Tower |
| 25:52 | Scout Tower |
| 25:54 | Guard Tower |
| 25:59 | Scout Tower |
| 26:00 | Scout Tower |
| 26:00 | Scout Tower |
| 26:01 | Scout Tower |
| 26:01 | Scout Tower |
| 26:02 | Scout Tower |
| 26:03 | Scout Tower |
| 26:03 | Scout Tower |
| 26:03 | Scout Tower |
| 26:22 | Guard Tower |
| 26:32 | Guard Tower |
| 26:39 | Potion of Invisibility |
| 26:47 | Guard Tower |
| 26:49 | Scout Tower |
| 26:49 | Scout Tower |
| 26:50 | Scout Tower |
| 26:51 | Scout Tower |
| 26:52 | Scout Tower |
| 26:52 | Scout Tower |
| 26:53 | Scout Tower |
| 26:54 | Scout Tower |
| 26:54 | Scout Tower |
| 26:54 | Scout Tower |
| 27:17 | Guard Tower |
| 27:18 | Guard Tower |
| 27:41 | Guard Tower |
| 27:43 | Guard Tower |
| 27:48 | Peasant |
| 27:48 | Peasant |
| 27:48 | Peasant |
| 27:49 | Advanced Masonry |
| 27:49 | Advanced Lumber Harvesting |
| 28:07 | Guard Tower |
| 28:11 | Guard Tower |
| 28:16 | Potion of Invisibility |
| 28:37 | Guard Tower |
| 28:38 | Guard Tower |
| 28:40 | Town Hall |
| 28:43 | Scout Tower |
| 28:44 | Scout Tower |
| 29:33 | Guard Tower |
| 29:35 | Guard Tower |
| 29:45 | Peasant |
| 29:45 | Peasant |
| 29:45 | Peasant |
| 29:45 | Peasant |
| 29:45 | Peasant |
| 29:46 | Peasant |
| 30:02 | Guard Tower |
| 30:24 | Imbued Masonry |
| 30:37 | Scout Tower |
| 30:38 | Scout Tower |
| 30:39 | Scout Tower |
| 30:40 | Scout Tower |
| 30:42 | Scout Tower |
| 30:43 | Scout Tower |
| 30:44 | Scout Tower |
| 30:45 | Scout Tower |
| 30:47 | Scout Tower |
| 31:05 | Peasant |
| 31:06 | Peasant |
| 31:06 | Peasant |
| 31:08 | Ivory Tower |
| 31:35 | Guard Tower |
| 31:38 | Town Hall |
| 31:39 | Guard Tower |
| 33:05 | Scout Tower |
| 33:06 | Scout Tower |
| 33:06 | Scout Tower |
| 33:07 | Scout Tower |
| 33:07 | Scout Tower |
| 33:27 | Ivory Tower |
| 33:46 | Scout Tower |
| 33:47 | Scout Tower |
| 33:48 | Scout Tower |
| 33:48 | Scout Tower |
| 33:49 | Scout Tower |
| 33:49 | Scout Tower |
| 34:00 | Guard Tower |
| 34:05 | Guard Tower |
| 34:06 | Guard Tower |
| 34:06 | Guard Tower |
| 34:26 | Guard Tower |
| 34:27 | Guard Tower |
| 34:36 | Guard Tower |
| 34:39 | Lumber Mill |
| 34:40 | Lumber Mill |
| 34:40 | Guard Tower |
| 34:46 | Guard Tower |
| 34:46 | Guard Tower |
| 35:25 | Town Hall |
| 35:41 | Potion of Healing |
| 35:45 | Potion of Mana |
| 36:22 | Scout Tower |
| 36:23 | Scout Tower |
| 36:29 | Scout Tower |
| 36:30 | Scout Tower |
| 36:30 | Scout Tower |
| 36:32 | Scout Tower |
| 36:32 | Scout Tower |
| 36:33 | Scout Tower |
| 36:34 | Scout Tower |
| 36:35 | Scout Tower |
| 37:03 | Guard Tower |
| 37:09 | Potion of Healing |
| 37:11 | Potion of Mana |
| 37:12 | Scroll of Town Portal |
| 37:13 | Guard Tower |
| 37:38 | Scout Tower |
| 38:03 | Guard Tower |
| 38:06 | Town Hall |
| 38:16 | Peasant |
| 38:16 | Peasant |
| 38:16 | Peasant |
| 38:29 | Scout Tower |
| 38:30 | Scout Tower |
| 38:47 | Scroll of Regeneration |
| 38:48 | Lesser Clarity Potion |
| 38:49 | Potion of Healing |
| 38:50 | Potion of Mana |
| 38:55 | Peasant |
| 38:55 | Peasant |
| 38:56 | Peasant |
| 39:20 | Peasant |
| 39:21 | Peasant |
| 40:00 | Peasant |
| 40:01 | Peasant |
| 41:09 | Peasant |
| 41:09 | Peasant |
| 41:10 | Peasant |
| 41:10 | Peasant |
| 41:10 | Peasant |
| 41:10 | Peasant |
| 41:14 | Peasant |
| 41:14 | Peasant |
| 41:14 | Peasant |
| 41:14 | Peasant |
| 42:00 | Scroll of Regeneration |
| 42:01 | Potion of Healing |
| 42:03 | Lesser Clarity Potion |
| 42:04 | Potion of Mana |
| 42:23 | Potion of Mana |
| 42:28 | Peasant |
| 42:28 | Peasant |
| 42:32 | Scout Tower |
| 43:19 | Scout Tower |
| 43:20 | Scout Tower |
| 43:21 | Scout Tower |
| 43:21 | Scout Tower |
| 43:22 | Scout Tower |
| 43:24 | Scroll of Regeneration |
| 43:24 | Potion of Healing |
| 43:26 | Lesser Clarity Potion |
| 43:37 | Scroll of Town Portal |
| 43:37 | Scroll of Town Portal |
| 43:40 | Scout Tower |
| 44:12 | Scroll of Regeneration |
| 44:13 | Potion of Healing |
| 44:22 | Potion of Healing |
| 44:58 | Peasant |
| 44:59 | Peasant |
| 44:59 | Peasant |
| 44:59 | Peasant |
| 44:59 | Peasant |
| 44:59 | Peasant |
| 46:12 | Potion of Mana |
| 46:54 | Scroll of Regeneration |
| 46:55 | Potion of Healing |
| 46:57 | Lesser Clarity Potion |
| 46:58 | Potion of Mana |
| 47:01 | Scroll of Town Portal |
| 48:05 | Siphon Mana |
| 49:19 | Scroll of Regeneration |
| 49:19 | Potion of Healing |
| 49:20 | Lesser Clarity Potion |
| 49:21 | Potion of Mana |
| 49:25 | Scroll of Town Portal |
| 50:19 | Scroll of Regeneration |
| 50:19 | Potion of Healing |
| 50:23 | Lesser Clarity Potion |
| 50:24 | Potion of Mana |
| 50:29 | Staff of Sanctuary |
| 50:31 | Scroll of Town Portal |
| 50:33 | Banish |
| 52:06 | Scroll of Regeneration |
| 52:12 | Potion of Healing |
| 52:20 | Guard Tower |
| 52:31 | Town Hall |
| 53:14 | Scout Tower |
| 53:15 | Scout Tower |
| 53:17 | Scout Tower |
| 53:18 | Scout Tower |
| 53:22 | Scout Tower |
| 53:23 | Scout Tower |
| 53:25 | Scout Tower |
| 53:27 | Scout Tower |
| 53:27 | Scout Tower |
| 53:28 | Scout Tower |
| 53:30 | Scout Tower |
| 53:31 | Scout Tower |
| 53:31 | Scout Tower |
| 53:33 | Scout Tower |
| 53:33 | Scout Tower |
| 53:34 | Scout Tower |
| 54:00 | Guard Tower |
| 54:47 | Lumber Mill |
| 54:55 | Scout Tower |
| 54:56 | Scout Tower |
| 54:58 | Scout Tower |
| 54:59 | Scout Tower |
| 55:00 | Scout Tower |
| 55:01 | Scout Tower |
| 55:02 | Scout Tower |
| 55:04 | Scout Tower |
| 56:25 | Town Hall |
| 56:43 | Guard Tower |
| 56:44 | Guard Tower |
| 58:02 | Peasant |
| 58:03 | Peasant |
| 58:04 | Guard Tower |
| 58:18 | Guard Tower |
| 58:44 | Guard Tower |
| 58:45 | Guard Tower |
| 59:18 | Scout Tower |
| 60:02 | Guard Tower |
| 60:08 | Scout Tower |
| 60:15 | Scout Tower |
| 60:18 | Arcane Tower |
| 60:27 | Keep |
| 60:29 | Guard Tower |
| 60:32 | Scout Tower |
| 60:33 | Scout Tower |
| 60:34 | Scout Tower |
| 60:38 | Guard Tower |
| 60:43 | Scout Tower |
| 60:44 | Scout Tower |
| 60:50 | Scout Tower |
| 60:52 | Scout Tower |
| 60:52 | Scout Tower |
| 60:54 | Scout Tower |
| 61:13 | Peasant |
| 61:14 | Peasant |
| 61:14 | Peasant |
| 61:19 | Guard Tower |
| 61:24 | Scout Tower |
| 61:53 | Guard Tower |
| 61:54 | Guard Tower |
| 61:57 | Scout Tower |
| 62:00 | Scout Tower |
| 62:01 | Scout Tower |
| 62:06 | Scout Tower |
| 62:08 | Scout Tower |
| 62:12 | Scout Tower |
| 62:14 | Scout Tower |
| 62:17 | Scout Tower |
| 62:35 | Guard Tower |
| 62:42 | Guard Tower |
| 62:51 | Peasant |
| 62:51 | Peasant |
| 62:51 | Peasant |
| 62:53 | Guard Tower |
| 62:54 | Scout Tower |
| 62:57 | Scout Tower |
| 62:58 | Scout Tower |
| 63:29 | Guard Tower |
| 63:30 | Guard Tower |
| 63:31 | Guard Tower |
| 63:32 | Guard Tower |
| 63:34 | Scout Tower |
| 63:35 | Scout Tower |
| 63:39 | Scout Tower |
| 63:42 | Scout Tower |
| 63:43 | Scout Tower |
| 64:03 | Guard Tower |
| 64:06 | Guard Tower |
| 64:10 | Scout Tower |
| 64:14 | Scout Tower |
| 64:16 | Scout Tower |
| 64:18 | Scout Tower |
| 64:36 | Town Hall |
| 64:44 | Guard Tower |
| 64:48 | Scout Tower |
| 64:51 | Scout Tower |
| 64:55 | Scout Tower |
| 65:00 | Guard Tower |
| 65:01 | Guard Tower |
| 65:01 | Guard Tower |
| 65:06 | Guard Tower |
| 65:31 | Guard Tower |
| 65:31 | Guard Tower |
| 65:50 | Guard Tower |
| 65:58 | Guard Tower |
| 66:24 | Guard Tower |
| 66:33 | Keep |
| 68:06 | Scout Tower |
| 68:25 | Mechanical Critter |
| 68:31 | Mechanical Critter |
| 68:54 | Ivory Tower |
| 70:18 | Town Hall |
| 70:45 | Lumber Mill |
| 71:50 | Guard Tower |
| 72:48 | Scout Tower |
| 73:16 | Scout Tower |
| 74:48 | Lumber Mill |
| 75:35 | Scout Tower |
| 75:41 | Scout Tower |
| 75:43 | Scout Tower |
| 75:48 | Guard Tower |
| 75:49 | Guard Tower |
| 76:16 | Guard Tower |
| 76:40 | Guard Tower |
| 77:19 | Scout Tower |
| 78:25 | Guard Tower |
| 78:29 | Scout Tower |
| 78:32 | Scout Tower |
| 78:34 | Scout Tower |
| 78:39 | Scout Tower |
| 78:56 | Guard Tower |
| 79:28 | Guard Tower |
| 79:51 | Guard Tower |
| 80:16 | Guard Tower |
| 81:02 | Scout Tower |
| 81:09 | Scout Tower |
| 82:15 | Guard Tower |
| 82:16 | Guard Tower |
| 83:56 | Scout Tower |
| 84:23 | Guard Tower |
| 86:11 | Scout Tower |
| 86:15 | Scout Tower |
| 87:40 | Guard Tower |
| 88:42 | Scout Tower |
| 88:47 | Scout Tower |
| 89:27 | Guard Tower |
| 89:40 | Guard Tower |
| 91:26 | Scout Tower |
| 91:55 | Guard Tower |
| 98:03 | Scout Tower |
| 98:30 | Guard Tower |
| 100:00 | Scout Tower |
| 100:27 | Guard Tower |
| 105:51 | Scout Tower |
| 106:22 | Guard Tower |
| 107:32 | Scout Tower |
| 108:01 | Guard Tower |
| 108:07 | Scout Tower |
| 108:33 | Guard Tower |
| 108:34 | Scout Tower |
| 109:52 | Scout Tower |
| 110:21 | Guard Tower |
| 110:27 | Scout Tower |
| 110:58 | Guard Tower |
| 110:59 | Scout Tower |
| 111:25 | Guard Tower |
| 111:29 | Scout Tower |
| 112:00 | Guard Tower |
| 112:33 | Scout Tower |
| 112:40 | Scout Tower |
| 112:43 | Scout Tower |
| 113:11 | Scout Tower |
| 113:26 | Guard Tower |
| 113:26 | Guard Tower |
| 113:54 | Guard Tower |
| 123:35 | Scout Tower |
| 124:08 | Guard Tower |
| 125:31 | Scout Tower |
| 126:00 | Scout Tower |
| 126:03 | Scout Tower |
| 126:05 | Guard Tower |
| 126:08 | Scout Tower |
| 126:43 | Scout Tower |
| 126:45 | Guard Tower |
| 127:00 | Scout Tower |
| 127:10 | Guard Tower |
| 138:27 | Scout Tower |
| 138:30 | Scout Tower |
| 138:31 | Scout Tower |
| 138:33 | Scout Tower |
| 138:59 | Guard Tower |
| 139:18 | Guard Tower |
| 139:44 | Guard Tower |
| 140:11 | Guard Tower |
| 141:52 | Scout Tower |
| 143:02 | Guard Tower |
| 149:53 | Potion of Invisibility |
| 174:59 | Banish |
| 206:05 | Banish |
| 210:28 | Circlet of Nobility |
| 219:26 | Circlet of Nobility |
| 219:28 | Scroll of Healing |
| Right click | 5199 |
| Select group | 3313 |
| Chat | 1708 |
| Select | 1066 |
| Build/train/purchase | 590 |
| Use ability | 299 |
| Misc. action | 244 |
| Assign group | 57 |
| Item give/drop | 33 |
| Esc | 13 |